Map: [ESL] Moondance

Players

Krystianer - Winner!

  • Race: Protoss Protoss
  • Spawn Location: 6:00

GunGFuBanDa

  • Race: Protoss Protoss
  • Spawn Location: 12:00

Event: DreamHack SC2 Masters 2022 Atlanta (Online)

VOD

Have the link to the VOD?

Description

Time

  • Played on: Oct. 13, 2022, 12:44 p.m.
  • Length: 9:59

All games in this series

Show
View Real Time Build Order
Export as new Build Order

Krystianer Protoss - Winner!

Build Orders:  

Get SALT Encoding   

  12  0:00  Probe  
  13  0:12  Probe  
  14  0:16  Pylon  
  14  0:24  Probe (Chrono Boost)  
  16  0:36  Probe (Chrono Boost)  
  16  0:37  Gateway  
  16  0:42  Probe (Chrono Boost)  
  16  0:45  Assimilator  
  17  0:50  Probe  
  17  0:53  Assimilator  
  18  1:03  Probe (Chrono Boost)  
  19  1:07  Gateway  
  20  1:12  Probe (Chrono Boost)  
  20  1:17  Probe (Chrono Boost)  
  20  1:24  Cybernetics Core  
  21  1:29  Probe  
  22  1:40  Pylon  
  22  1:41  Probe  
  23  1:55  Pylon  
  23  1:58  Probe  
  23  1:59  Warp Gate (Chrono Boost)  
  23  2:00  Adept x2  
  28  2:10  Probe  
  28  2:13  Shield Battery  
  29  2:19  Pylon  
  29  2:22  Probe  
  30  2:30  Adept x2  
  33  2:54  Nexus  
  33  3:00  Adept  
  35  3:06  Adept  
  37  3:13  Pylon  
  37  3:22  Robotics Facility  
  37  3:35  Shield Battery  
  37  3:36  Shield Battery  
  37  3:41  Stalker  
  39  3:49  Stalker  
  38  3:57  Probe (Chrono Boost)  
  39  4:09  Observer, Probe (Chrono Boost)  
  42  4:10  Probe (Chrono Boost)  
  42  4:12  Sentry x2  
  48  4:17  Probe (Chrono Boost)  
  48  4:19  Probe (Chrono Boost)  
  49  4:25  Probe (Chrono Boost)  
  49  4:26  Probe (Chrono Boost)  
  49  4:32  Probe  
  49  4:35  Stalker x2  
  49  4:37  Probe  
  54  4:44  Twilight Council  
  54  4:46  Probe  
  54  4:51  Probe  
  54  4:59  Probe  
  55  5:03  Probe  
  55  5:06  Stalker x2  
  56  5:12  Blink (Chrono Boost), Pylon  
  57  5:15  Probe  
  57  5:18  Probe  
  58  5:32  Probe  
  58  5:34  Probe, Stalker x2  
  60  5:43  Nexus  
  60  5:49  Probe  
  59  5:51  Probe  
  60  5:58  Stalker x2  
  60  6:00  Pylon  
  64  6:06  Gateway  
  64  6:07  Probe  
  64  6:08  Probe  
  64  6:11  Observer  
  66  6:22  Stalker x2  
  66  6:24  Probe x2  
  71  6:30  Gateway  
  71  6:34  Pylon  
  71  6:37  Probe x2  
  73  6:46  Stalker x2  
  77  6:49  Probe  
  77  6:53  Probe  
  79  6:54  Forge  
  79  6:55  Charge, Pylon  
  79  6:59  Probe  
  79  7:01  Probe  
  79  7:02  Pylon  
  79  7:03  Observer  
  79  7:05  Probe  
  82  7:11  Probe  
  82  7:13  Probe  
  84  7:17  Probe  
  81  7:23  Stalker x3  
  81  7:25  Probe  
  82  7:34  Stalker  
  84  7:38  Assimilator  
  84  7:39  Probe  
  84  7:41  Gateway  
  84  7:42  Protoss Ground Weapons Level 1 (Chrono Boost), Gateway  
  84  7:48  Gateway  
  84  7:50  Probe, Gateway  
  85  7:52  Photon Cannon  
  85  7:54  Zealot x3  
  85  7:57  Pylon  
  91  8:12  Nexus  
  91  8:13  Observer, Pylon  
  91  8:14  Warp Prism (Chrono Boost), Probe x2  
  95  8:26  Zealot x3  
  101  8:31  Pylon  
  101  8:36  Zealot x3  
  101  8:40  Probe  
  108  8:44  Pylon  
  108  8:51  Zealot x4  
  108  8:53  Probe  
  115  9:04  Zealot x4  
  115  9:07  Observer (Chrono Boost)  
  117  9:12  Shield Battery  
  117  9:15  Zealot x4  
  125  9:30  Zealot x4  
  123  9:35  Zealot  
  123  9:36  Zealot x3  
  123  9:37  Probe  
  122  9:40  Probe  
  111  9:51  Stalker x4  
Show
View Real Time Build Order
Export as new Build Order

GunGFuBanDa Protoss 

Build Orders: Oracle Opening 

Get SALT Encoding   

  12  0:00  Probe  
  13  0:12  Probe  
  14  0:17  Pylon  
  14  0:24  Probe (Chrono Boost)  
  15  0:36  Gateway, Probe (Chrono Boost)  
  16  0:44  Probe (Chrono Boost)  
  16  0:46  Assimilator  
  17  0:50  Probe  
  17  0:54  Assimilator  
  18  1:03  Probe (Chrono Boost)  
  19  1:07  Gateway  
  20  1:12  Probe (Chrono Boost)  
  20  1:17  Probe (Chrono Boost)  
  20  1:23  Cybernetics Core  
  21  1:29  Probe  
  22  1:36  Pylon  
  22  1:46  Probe  
  23  1:59  Stalker x2  
  23  2:01  Warp Gate  
  27  2:02  Probe  
  28  2:14  Probe, Pylon  
  29  2:24  Shield Battery  
  29  2:32  Stargate  
  29  2:40  Stalker  
  30  2:46  Stalker  
  30  2:49  Probe  
  33  3:04  Shield Battery  
  32  3:16  Oracle  
  35  3:29  Shield Battery  
  35  3:31  Shield Battery  
  35  3:35  Shield Battery  
  35  3:39  Nexus  
  35  3:45  Probe  
  36  3:56  Oracle (Chrono Boost)  
  36  4:00  Stalker  
  39  4:03  Shield Battery  
  39  4:13  Pylon  
  39  4:25  Pylon  
  39  4:31  Probe  
  39  4:34  Twilight Council  
  40  4:38  Stalker  
  40  4:44  Stalker  
  44  4:48  Probe  
  45  4:56  Probe, Pylon  
  46  5:06  Stalker  
  47  5:07  Blink (Chrono Boost)  
  47  5:09  Probe (Chrono Boost)  
  47  5:13  Probe (Chrono Boost)  
  49  5:20  Probe (Chrono Boost)  
  50  5:23  Probe (Chrono Boost)  
  50  5:26  Probe (Chrono Boost)  
  50  5:28  Probe (Chrono Boost)  
  52  5:29  Shield Battery  
  51  5:40  Probe (Chrono Boost)  
  52  5:44  Probe (Chrono Boost)  
  52  5:47  Stalker  
  52  5:49  Stalker  
  57  5:51  Probe (Chrono Boost)  
  57  5:55  Probe (Chrono Boost)  
  57  5:56  Probe (Chrono Boost)  
  59  6:04  Probe  
  59  6:05  Pylon  
  59  6:06  Probe  
  61  6:16  Probe  
  62  6:23  Probe  
  63  6:28  Probe  
  63  6:29  Pylon  
  63  6:30  Robotics Facility  
  63  6:31  Sentry, Stalker  
  68  6:36  Probe  
  69  6:43  Nexus  
  69  6:48  Assimilator  
  69  6:51  Shield Battery  
  69  6:58  Probe, Stalker  
  69  6:59  Probe, Stalker  
  69  7:01  Pylon  
  75  7:10  Probe  
  69  7:28  Stalker x2  
  69  7:31  Observer  
  69  7:32  Probe (Chrono Boost)  
  69  7:34  Forge  
  69  7:36  Probe (Chrono Boost)  
  72  7:40  Probe (Chrono Boost)  
  72  7:42  Charge  
  72  7:43  Probe (Chrono Boost)  
  74  7:46  Gateway  
  74  7:47  Probe (Chrono Boost)  
  74  7:49  Gateway  
  75  7:54  Immortal  
  75  7:55  Probe (Chrono Boost)  
  81  7:59  Probe (Chrono Boost)  
  81  8:04  Probe (Chrono Boost)  
  83  8:05  Probe (Chrono Boost), Assimilator  
  83  8:08  Gateway, Probe (Chrono Boost)  
  83  8:10  Gateway, Probe (Chrono Boost)  
  83  8:11  Probe (Chrono Boost)  
  86  8:13  Stalker  
  86  8:16  Stalker  
  86  8:18  Probe  
  91  8:21  Probe  
  91  8:25  Pylon  
  92  8:31  Robotics Bay  
  92  8:35  Assimilator  
  92  8:39  Stalker x2  
  96  8:46  Shield Battery  
  93  8:51  Zealot  
  95  9:00  Stalker  
  95  9:01  Probe x2  
  99  9:03  Photon Cannon  
  99  9:15  Probe, Photon Cannon  
  99  9:16  Disruptor (Chrono Boost)  
  100  9:19  Pylon  
  100  9:21  Stalker  
  100  9:22  Stalker  
  107  9:28  Stalker  
  105  9:34  Zealot  
  105  9:37  Probe  
  95  9:39  Probe  
  95  9:41  Shield Battery  
  95  9:43  Stalker  
  95  9:44  Stalker  
Tags
 
Add a new tag
Caveats
  • Supply blocks, unpowered buildings, or Contaminate may cause inaccurate times.
  • Supply counts are checked every 10 seconds.